 Dungeon Crawl Stone Soup version 0.18.1-48-g4cf74bf (webtiles) character file.

36 Galewin the Shield-Bearer (level 3, -4/24 HPs)
             Began as a Gargoyle Fighter on July 7, 2016.
             Killed from afar by Sigmund (9 damage)
             ... with a puff of flame
             ... on level 3 of the Dungeon.
             The game lasted 00:02:04 (1339 turns).

Galewin the Shield-Bearer (Gargoyle Fighter)        Turns: 1339, Time: 00:02:05

Health: -4/24      AC: 10    Str: 20    XL:     3   Next: 37%
Magic:  3/3        EV:  7    Int:  8    God:
Gold:   91         SH:  9    Dex:  9    Spells: 0 memorised, 2 levels left

rFire  . . .     SeeInvis .     a - +0 war axe
rCold  . . .     Gourm    .     b - +0 scale mail
rNeg   + . .     Faith    .     c - +0 shield
rPois  ∞         Spirit   .     (no helmet)
rElec  +         Dismiss  .     (no cloak)
rCorr  .         Reflect  .     (no gloves)
SustAt .         Harm     .     (no boots)
MR     .....                    (no amulet)
Stlth  ..........               (no ring)
                                (no ring)

@: not resistant to hostile enchantments, extremely unstealthy
A: negative energy resistance 1, electricity resistance, unbreathing,
petrification resistance, rot immunity, AC +3
a: no special abilities


You were on level 3 of the Dungeon.
You were not hungry.

You visited 1 branch of the dungeon, and saw 3 of its levels.

You collected 91 gold pieces.

Inventory:

Hand Weapons
 a - a +0 war axe (weapon)
Armour
 b - a +0 scale mail (worn)
 c - a +0 shield (worn)
Scrolls
 e - 2 scrolls of random uselessness {unknown}
 j - 4 scrolls of magic mapping {unknown}
 k - 2 scrolls of recharging {unknown}
 l - a scroll of teleportation {unknown}
 n - 6 scrolls of identify {unknown}
 o - 2 scrolls of enchant weapon {unknown}
 p - 2 scrolls of remove curse {unknown}
 s - a scroll of amnesia {unknown}
Potions
 d - a potion of might
 i - a potion of heal wounds {unknown}
 m - 2 potions of flight {unknown}
 q - 2 potions of degeneration {unknown}
 r - a potion of magic {unknown}
Comestibles
 f - 2 bread rations
 g - a meat ration
 h - a slice of pizza


   Skills:
 * Level 3.7 Fighting
 + Level 2.1 Axes
 + Level 3.4 Armour
 * Level 4.1 Shields


You had 2 spell levels left.
You didn't know any spells.

Dungeon Overview and Level Annotations

Branches:
Dungeon (3/15)

Altars:

Annotations:
D:3 Sigmund


Innate Abilities, Weirdness & Mutations

You are resistant to torment.
Your stone body is resilient (AC +3).
You are immune to poison.
You resist negative energy.
You are resistant to electric shocks.
You can survive without breathing.
You are immune to petrification.
You are immune to rotting.


Message History

Sigmund points at you and mumbles some strange words.
You block the puff of flame.
Sigmund zaps a wand.
The puff of flame hits you!
It is a wand of flame.
You hit Sigmund but do no damage. Sigmund closely misses you.
You closely miss Sigmund.
Sigmund zaps a wand.
The puff of flame hits you! You block Sigmund's attack.
You closely miss Sigmund.
Sigmund points at you and mumbles some strange words.
You block the puff of flame.
You closely miss Sigmund. You block Sigmund's attack.
You completely miss Sigmund. Sigmund hits you with a scythe!
* * * LOW HITPOINT WARNING * * *
You are too injured to fight recklessly!
You are too injured to fight recklessly!
You are too injured to fight recklessly!
You are too injured to fight recklessly!
You closely miss Sigmund.
Sigmund points at you and mumbles some strange words.
The puff of flame hits you!
You die...

#.####)######..
#.# #......... #.#
########.. #.# ###
####.# #....#
######## #.####
#...[... #.#
#.###### #@# #.#
#@# #.# ### #.#
#.# #.. #.# ##.##
#.#
#.########...###.#
#....<......#.##.#
#######..#..##.#.#
#.##.÷###...
#.##........


You could see Sigmund.

Vanquished Creatures
  An adder (D:2)
  2 worms (D:2)
  2 giant cockroaches
  A goblin (D:1)
  3 hobgoblins
  3 jackals (D:1)
  A ball python (D:2)
  4 bats
  2 giant newts (D:1)
  A kobold (D:1)
  3 rats
23 creatures vanquished.

Notes
Turn   | Place    | Note
--------------------------------------------------------------
     0 | D:1      | Galewin the Gargoyle Fighter began the quest for the Orb.
     0 | D:1      | Reached XP level 1. HP: 14/14 MP: 1/1
   226 | D:1      | Reached XP level 2. HP: 19/19 MP: 2/2
   825 | D:2      | Reached skill level 4 in Shields
   825 | D:2      | Reached XP level 3. HP: 17/23 MP: 3/3
  1330 | D:3      | Noticed Sigmund
  1339 | D:3      | Killed from afar by Sigmund

Skill      XL: |  1  2 |
---------------+-------+-----
Axes           | 2 |  2.1
Shields        | 4 |  4.1
Fighting       | |  3.7
Armour         | |  3.4

Action                   || total
-------------------------++-------
Melee: War axe           ||    66
  Eat: Chunk             ||     1
Armor: Scale mail        ||    38
Dodge: Dodged            ||    21
Block: Shield            ||    48
